TOP OF THE 1ST |
Kenosha Kingfish batting - Pitching for Dunedin Blue Jays : RHP Paul Ewing
|
Pitching: RHP Paul Ewing
|
|
Batting: RHB Manuel Gómez
|
0-0: Ball 1-0: Swinging Strike 1-1: Swinging Strike 1-2: Strikes out swinging
|
Batting: SHB Alfonso Escasán
|
0-0: Called Strike 0-1: Ball 1-1: Called Strike 1-2: SINGLE (Line Drive, 8RS)
|
Batting: RHB Francisco Martínez
|
0-0: Swinging Strike 0-1: Ball 1-1: Fly out, F9 (Line Drive, 9M)
|
Batting: LHB Richard Brooks
|
0-0: Ball 1-0: Called Strike 1-1: SINGLE (Groundball, 25) (infield hit) Alfonso Escasán to second
|
Batting: RHB Matt Rodríguez
|
0-0: Ball 1-0: Called Strike 1-1: Called Strike 1-2: Strikes out swinging
|
Top of the 1st over - 0 run(s), 2 hit(s), 0 error(s), 2 left on base; Kenosha 0 - Dunedin 0 |
BOTTOM OF THE 1ST |
Dunedin Blue Jays batting - Pitching for Kenosha Kingfish : RHP Ron Bartlett
|
Pitching: RHP Ron Bartlett
|
|
Batting: LHB Guy Moss
|
0-0: Ball 1-0: Ball 2-0: Ball 3-0: Base on Balls
|
Batting: SHB Richard Griffin
|
0-0: Ball 1-0: Ball 2-0: Called Strike 2-1: Called Strike 2-2: Foul Ball, location: 2F 2-2: Ball 3-2: SINGLE (Line Drive, 34D) Guy Moss to second Guy Moss to third
|
Batting: RHB Keith Ivey
|
0-0: Called Strike 0-1: Ball 1-1: Called Strike 1-2: Foul Ball, location: 2F 1-2: Strikes out swinging
|
Batting: RHB Gilberto Tovar
|
0-0: Ball 1-0: Ball 2-0: Foul Ball, location: 2F 2-1: Fly out, F3 (Popup, 4)
|
Batting: RHB David Castillo
|
0-0: Swinging Strike 0-1: Ball 1-1: Ball 2-1: Called Strike 2-2: Fly out, F7 (Flyball, 7LD)
|
Bottom of the 1st over - 0 run(s), 1 hit(s), 0 error(s), 2 left on base; Kenosha 0 - Dunedin 0 |
TOP OF THE 2ND |
Kenosha Kingfish batting - Pitching for Dunedin Blue Jays : RHP Paul Ewing
|
Batting: SHB Júlio Valentín
|
0-0: Called Strike 0-1: Swinging Strike 0-2: Foul Ball, location: 2F 0-2: Foul Ball, location: 2F 0-2: Ball 1-2: Strikes out swinging
|
Batting: SHB Devin Smith
|
0-0: Called Strike 0-1: Ball 1-1: Ball 2-1: Ball 3-1: Foul Ball, location: 2F 3-2: Foul Ball, location: 2F 3-2: Base on Balls
|
Batting: RHB Sergio Mata
|
0-0: Called Strike 0-1: Swinging Strike 0-2: Ball 1-2: Ball 2-2: Foul Ball, location: 2F 2-2: Foul Ball, location: 2F 2-2: Strikes out swinging
|
Batting: RHB Tommy Davenport
|
0-0: Fly out, F2 (Popup, 2LF)
|
Top of the 2nd over - 0 run(s), 0 hit(s), 0 error(s), 1 left on base; Kenosha 0 - Dunedin 0 |
BOTTOM OF THE 2ND |
Dunedin Blue Jays batting - Pitching for Kenosha Kingfish : RHP Ron Bartlett
|
Batting: LHB Roberto Félix
|
0-0: SINGLE (Groundball, 34D)
|
Batting: RHB Fernando Bórquez
|
0-0: Called Strike 0-1: Ball 1-1: Fly out, F8 (Flyball, 8LM)
|
Batting: RHB José Murillo
|
0-0: Ball 1-0: Swinging Strike 1-1: Ball 2-1: Foul Ball, location: 2F 2-2: Strikes out swinging
|
Batting: RHB Rafael Carreón
|
0-0: Ball 1-0: Called Strike 1-1: Swinging Strike 1-2: Strikes out swinging
|
Bottom of the 2nd over - 0 run(s), 1 hit(s), 0 error(s), 1 left on base; Kenosha 0 - Dunedin 0 |
TOP OF THE 3RD |
Kenosha Kingfish batting - Pitching for Dunedin Blue Jays : RHP Paul Ewing
|
Batting: RHB Manuel Gómez
|
0-0: Ball 1-0: Called Strike 1-1: Ground out 5-3 (Groundball, 56)
|
Batting: SHB Alfonso Escasán
|
0-0: Called Strike 0-1: Called Strike 0-2: Ball 1-2: Ball 2-2: Strikes out swinging
|
Batting: RHB Francisco Martínez
|
0-0: Ball 1-0: Ground out 5-3 (Groundball, 56)
|
Top of the 3rd over - 0 run(s), 0 hit(s), 0 error(s), 0 left on base; Kenosha 0 - Dunedin 0 |
BOTTOM OF THE 3RD |
Dunedin Blue Jays batting - Pitching for Kenosha Kingfish : RHP Ron Bartlett
|
Batting: LHB Guy Moss
|
0-0: Foul Ball, location: 2F 0-1: Called Strike 0-2: SINGLE (Groundball, 6MD)
|
Batting: SHB Richard Griffin
|
0-0: Ball 1-0: Ball 2-0: Called Strike 2-1: Ball 3-1: Fly out, F8 (Line Drive, 8RM)
|
Batting: RHB Keith Ivey
|
0-0: Fly out, F8 (Flyball, 8RM)
|
Batting: RHB Gilberto Tovar
|
0-0: Ball 1-0: Called Strike 1-1: Ball 2-1: SINGLE (Line Drive, 4M) Guy Moss to second
|
Batting: RHB David Castillo
|
0-0: Called Strike 0-1: Swinging Strike 0-2: Foul Ball, location: 2F 0-2: Foul Ball, location: 2F 0-2: Ball 1-2: SINGLE (Line Drive, 34) Guy Moss to third Gilberto Tovar to second Runner from 3rd tries for Home, SAFE, no throw or cutoff
|
Batting: LHB Roberto Félix
|
0-0: Ball 1-0: Ball 2-0: Fly out, F8 (Flyball, 8LXD)
|
Bottom of the 3rd over - 1 run(s), 3 hit(s), 0 error(s), 2 left on base; Kenosha 0 - Dunedin 1 |
TOP OF THE 4TH |
Kenosha Kingfish batting - Pitching for Dunedin Blue Jays : RHP Paul Ewing
|
Pitching: RHP George Floyd
|
|
Batting: LHB Richard Brooks
|
0-0: Ball 1-0: Ball 2-0: Ball 3-0: Called Strike 3-1: Called Strike 3-2: Strikes out looking
|
Batting: RHB Matt Rodríguez
|
0-0: Ball 1-0: Called Strike 1-1: Ball 2-1: Ball 3-1: Base on Balls
|
Batting: SHB Júlio Valentín
|
0-0: Ball 1-0: Ball 2-0: Ball 3-0: Base on Balls Matt Rodríguez to second
|
Batting: SHB Devin Smith
|
0-0: Called Strike 0-1: TRIPLE (Flyball, 78XD) Matt Rodríguez scores Júlio Valentín scores
|
Batting: RHB Sergio Mata
|
0-0: Called Strike 0-1: Ball 1-1: Ball 2-1: Foul Ball, location: 2F 2-2: Foul Ball, location: 2F 2-2: Foul Ball, location: 2F 2-2: Ball 3-2: Strikes out swinging
|
Batting: RHB Tommy Davenport
|
0-0: Ball 1-0: Ground out U3 (Groundball, 3S)
|
Top of the 4th over - 2 run(s), 1 hit(s), 0 error(s), 1 left on base; Kenosha 2 - Dunedin 1 |
BOTTOM OF THE 4TH |
Dunedin Blue Jays batting - Pitching for Kenosha Kingfish : RHP Ron Bartlett
|
Batting: RHB Fernando Bórquez
|
0-0: Foul Ball, location: 2F 0-1: Swinging Strike 0-2: SOLO HOME RUN (Line Drive, 7D) (Inside the Park)
|
Batting: RHB José Murillo
|
0-0: Called Strike 0-1: Foul Ball, location: 2F 0-2: Ball 1-2: Ground out 6-3 (Groundball, 6)
|
Batting: RHB Rafael Carreón
|
0-0: Called Strike 0-1: Ball 1-1: Ball 2-1: Ball 3-1: Base on Balls
|
Batting: LHB Guy Moss
|
0-0: Ball 1-0: Ball 2-0: Ball 3-0: Called Strike 3-1: Foul Ball, location: 2F 3-2: Foul Ball, location: 2F 3-2: Foul Ball, location: 2F 3-2: Foul Ball, location: 2F 3-2: Base on Balls Rafael Carreón to second
|
Batting: SHB Richard Griffin
|
0-0: Ball 1-0: Swinging Strike 1-1: Ball 2-1: SINGLE (Flyball, 9S) Rafael Carreón to third Guy Moss to second
|
Pitching: LHP Javier Robles
|
|
Batting: RHB Keith Ivey
|
0-0: Ball 1-0: Ball 2-0: SINGLE (Line Drive, 4MD) Rafael Carreón scores Guy Moss to third Richard Griffin to second Runner from 3rd tries for Home, SAFE, no throw or cutoff
|
Batting: RHB Gilberto Tovar
|
0-0: Ball 1-0: Swinging Strike Passed Ball! Richard Griffin to third Keith Ivey to second 1-1: Fly out, F7 (Flyball, 7M)
|
Batting: RHB David Castillo
|
0-0: Called Strike 0-1: Ball 1-1: Foul Ball, location: 2F 1-2: Ball 2-2: Ball 3-2: SINGLE (Flyball, 78S) Richard Griffin scores Keith Ivey to third Keith Ivey scores
|
Batting: LHB Roberto Félix
|
0-0: SINGLE (Line Drive, 7S) David Castillo to second
|
Batting: RHB Fernando Bórquez
|
0-0: SINGLE (Line Drive, 4MD) David Castillo to third Roberto Félix to second Runner from 3rd tries for Home, SAFE, no throw or cutoff
|
Batting: RHB José Murillo
|
0-0: Swinging Strike 0-1: Foul Ball, location: 2F 0-2: Ball 1-2: Fly out, F9 (Flyball, 89S)
|
Bottom of the 4th over - 6 run(s), 6 hit(s), 0 error(s), 2 left on base; Kenosha 2 - Dunedin 7 |
TOP OF THE 5TH |
Kenosha Kingfish batting - Pitching for Dunedin Blue Jays : RHP George Floyd
|
Pitching: RHP Ralph Miller
|
|
Batting: RHB Manuel Gómez
|
0-0: Ball 1-0: Ball 2-0: Called Strike 2-1: Ball 3-1: Ground out 1-3 (Groundball, 15)
|
Batting: SHB Alfonso Escasán
|
0-0: DOUBLE (Line Drive, 78M)
|
Batting: RHB Francisco Martínez
|
0-0: Fly out, F7 (Flyball, 7LSF)
|
Batting: LHB Richard Brooks
|
0-0: Called Strike 0-1: Ball 1-1: Foul Ball, location: 2F 1-2: SINGLE (Groundball, 56D) Alfonso Escasán to third Runner from 3rd tries for Home, SAFE, no throw or cutoff
|
Batting: RHB Matt Rodríguez
|
0-0: Ball 1-0: Called Strike 1-1: Ball 2-1: Fly out, F4 (Popup, 4D)
|
Top of the 5th over - 1 run(s), 2 hit(s), 0 error(s), 1 left on base; Kenosha 3 - Dunedin 7 |
BOTTOM OF THE 5TH |
Dunedin Blue Jays batting - Pitching for Kenosha Kingfish : LHP Javier Robles
|
Batting: RHB Rafael Carreón
|
0-0: Foul Ball, location: 2F 0-1: Foul Ball, location: 2F 0-2: Ball 1-2: Ground out 1-3 (Groundball, 23)
|
Batting: LHB Guy Moss
|
0-0: Ball 1-0: Swinging Strike 1-1: Swinging Strike 1-2: Foul Ball, location: 2F 1-2: Foul Ball, location: 2F 1-2: SINGLE (Line Drive, 34D)
|
Batting: SHB Richard Griffin
|
0-0: Ball 1-0: Ball 2-0: Foul Ball, location: 2F 2-1: Foul Ball, location: 2F 2-2: Fly out, F3 (Popup, 34S)
|
Batting: RHB Keith Ivey
|
0-0: Ball 1-0: Ball 2-0: Ball 3-0: Base on Balls Guy Moss to second
|
Batting: RHB Gilberto Tovar
|
0-0: Ball 1-0: Ball 2-0: Ball 3-0: Called Strike 3-1: Base on Balls Guy Moss to third Keith Ivey to second
|
Batting: RHB David Castillo
|
0-0: Ball 1-0: Ball 2-0: Ball 3-0: Called Strike 3-1: Base on Balls Guy Moss scores Keith Ivey to third Gilberto Tovar to second
|
Batting: LHB Roberto Félix
|
0-0: Foul Ball, location: 2F 0-1: Called Strike 0-2: Strikes out swinging
|
Bottom of the 5th over - 1 run(s), 1 hit(s), 0 error(s), 3 left on base; Kenosha 3 - Dunedin 8 |
TOP OF THE 6TH |
Kenosha Kingfish batting - Pitching for Dunedin Blue Jays : RHP Ralph Miller
|
Batting: SHB Júlio Valentín
|
0-0: Ball 1-0: Ground out 6-3 (Groundball, 6M)
|
Batting: SHB Devin Smith
|
0-0: Called Strike 0-1: Foul Ball, location: 2F 0-2: Foul Ball, location: 2F 0-2: Ball 1-2: Ball 2-2: Ball 3-2: Base on Balls
|
Batting: RHB Sergio Mata
|
0-0: SINGLE (Groundball, 56) (infield hit) Devin Smith to second
|
Batting: RHB Tommy Davenport
|
0-0: Ball 1-0: Ball 2-0: Grounds into double play, 5-4-3 (Groundball, 56)
|
Top of the 6th over - 0 run(s), 1 hit(s), 0 error(s), 1 left on base; Kenosha 3 - Dunedin 8 |
BOTTOM OF THE 6TH |
Dunedin Blue Jays batting - Pitching for Kenosha Kingfish : LHP Javier Robles
|
Pitching: LHP Nick Clayton
|
|
Batting: RHB Fernando Bórquez
|
0-0: Ground out 4-3 (Groundball, 4)
|
Batting: RHB José Murillo
|
0-0: Ball 1-0: Called Strike 1-1: Fly out, F6 (Line Drive, 56)
|
Batting: RHB Rafael Carreón
|
0-0: SINGLE (Line Drive, 6D)
|
Batting: LHB Guy Moss
|
0-0: Ball 1-0: Fly out, F6 (Popup, 56D)
|
Bottom of the 6th over - 0 run(s), 1 hit(s), 0 error(s), 1 left on base; Kenosha 3 - Dunedin 8 |
TOP OF THE 7TH |
Kenosha Kingfish batting - Pitching for Dunedin Blue Jays : RHP Ralph Miller
|
Pitching: RHP Cliff Long
|
|
Batting: RHB Manuel Gómez
|
0-0: Ball 1-0: Ground out 5-3 (Groundball, 5L)
|
Batting: SHB Alfonso Escasán
|
0-0: Ball 1-0: Called Strike 1-1: Ball 2-1: Ball 3-1: Base on Balls
|
Batting: RHB Francisco Martínez
|
0-0: Swinging Strike 0-1: Ball 1-1: Ball 2-1: Ball 3-1: Called Strike 3-2: Foul Ball, location: 2F 3-2: Strikes out swinging
|
Batting: LHB Richard Brooks
|
0-0: Fly out, F7 (Flyball, 7S)
|
Top of the 7th over - 0 run(s), 0 hit(s), 0 error(s), 1 left on base; Kenosha 3 - Dunedin 8 |
BOTTOM OF THE 7TH |
Dunedin Blue Jays batting - Pitching for Kenosha Kingfish : LHP Nick Clayton
|
Batting: SHB Richard Griffin
|
0-0: Ball 1-0: Called Strike 1-1: Foul Ball, location: 2F 1-2: Foul Ball, location: 2F 1-2: Ball 2-2: SINGLE (Groundball, 5D)
|
Batting: RHB Keith Ivey
|
0-0: Ball 1-0: Foul Ball, location: 2F 1-1: Foul Ball, location: 2F 1-2: Fly out, F1 (Line Drive, 15)
|
Batting: RHB Gilberto Tovar
|
0-0: Called Strike 0-1: Foul Ball, location: 2F 0-2: Ball Wild Pitch! Richard Griffin to second 1-2: Ball 2-2: Ball 3-2: Strikes out looking
|
Batting: RHB David Castillo
|
0-0: Called Strike 0-1: Ball 1-1: Foul Ball, location: 2F 1-2: Strikes out swinging
|
Bottom of the 7th over - 0 run(s), 1 hit(s), 0 error(s), 1 left on base; Kenosha 3 - Dunedin 8 |
TOP OF THE 8TH |
Kenosha Kingfish batting - Pitching for Dunedin Blue Jays : RHP Cliff Long
|
Batting: RHB Matt Rodríguez
|
0-0: SINGLE (Line Drive, 34D)
|
Batting: SHB Júlio Valentín
|
0-0: Ball 1-0: Ball 2-0: Foul Ball, location: 2F 2-1: Foul Ball, location: 2F 2-2: Ball 3-2: Foul Ball, location: 2F 3-2: Strikes out swinging
|
Batting: SHB Devin Smith
|
0-0: Ball 1-0: Called Strike 1-1: Swinging Strike 1-2: Ball 2-2: Strikes out swinging
|
Batting: RHB Sergio Mata
|
0-0: Called Strike 0-1: Ball 1-1: Ball 2-1: Ball 3-1: Foul Ball, location: 2F 3-2: Base on Balls Matt Rodríguez to second
|
Batting: RHB Tommy Davenport
|
0-0: Ball 1-0: Fly out, F9 (Flyball, 9LD)
|
Top of the 8th over - 0 run(s), 1 hit(s), 0 error(s), 2 left on base; Kenosha 3 - Dunedin 8 |
BOTTOM OF THE 8TH |
Dunedin Blue Jays batting - Pitching for Kenosha Kingfish : LHP Nick Clayton
|
Batting: LHB Roberto Félix
|
0-0: Called Strike 0-1: Swinging Strike 0-2: Ball 1-2: Strikes out swinging
|
Pitching: RHP Júlio Vargas
|
|
Batting: RHB Fernando Bórquez
|
0-0: Called Strike 0-1: Ball 1-1: Ball 2-1: Foul Ball, location: 2F 2-2: Foul Ball, location: 2F 2-2: Ball 3-2: Base on Balls
|
Batting: RHB José Murillo
|
0-0: Ball 1-0: Ball 2-0: Foul Ball, location: 2F 2-1: Called Strike 2-2: Strikes out swinging
|
Batting: RHB Rafael Carreón
|
0-0: Ball 1-0: Foul Ball, location: 2F 1-1: Ball 2-1: Ball 3-1: Foul Ball, location: 2F 3-2: Base on Balls Fernando Bórquez to second
|
Batting: LHB Guy Moss
|
0-0: Fly out, F2 (Popup, 2LF)
|
Bottom of the 8th over - 0 run(s), 0 hit(s), 0 error(s), 2 left on base; Kenosha 3 - Dunedin 8 |
TOP OF THE 9TH |
Kenosha Kingfish batting - Pitching for Dunedin Blue Jays : RHP Cliff Long
|
Batting: RHB Manuel Gómez
|
0-0: Ball 1-0: Ball 2-0: SINGLE (Line Drive, 4MD)
|
Batting: SHB Alfonso Escasán
|
0-0: Ball 1-0: Ball 2-0: Called Strike 2-1: Fly out, F9 (Flyball, 9LM)
|
Batting: RHB Francisco Martínez
|
0-0: Ground out 2-3 (Groundball, 23) Manuel Gómez to second
|
Batting: LHB Richard Brooks
|
0-0: Ball 1-0: Ball 2-0: Ball 3-0: Called Strike 3-1: Foul Ball, location: 2F 3-2: Foul Ball, location: 2F 3-2: Fly out, F7 (Flyball, 7M)
|
Top of the 9th over - 0 run(s), 1 hit(s), 0 error(s), 1 left on base; Kenosha 3 - Dunedin 8 |
|